 Dungeon Crawl Stone Soup version 0.25-a0-341-g6f074c887a (webtiles) character file.

Game seed: 5547626555723748540, levelgen mode: classic

2568 Borgoz the Basher (level 9, -7/56 HPs)
             Began as a Gargoyle Gladiator on Dec 30, 2019.
             Was a Follower of the Shining One.
             Mangled by Grum
             ... wielding a -2 spear
              (9 damage)
             ... on level 8 of the Dungeon.
             The game lasted 00:08:49 (6350 turns).

Borgoz the Basher (Gargoyle Gladiator)              Turns: 6350, Time: 00:08:49

Health: -7/56      AC: 18    Str: 19    XL:     9   Next: 57%
Magic:  18/18      EV: 13    Int:  9    God:    the Shining One [*.....]
Gold:   449        SH:  0    Dex: 17    Spells: 8/8 levels left

rFire    . . .     SeeInvis .   u - +0 flail (crush)
rCold    . . .     Gourm    .   (no shield)
rNeg     + . .     Faith    .   v - +0 scale mail
rPois    ∞         Spirit   .   c - +0 helmet
rElec    +         Reflect  .   h - +0 cloak (curse)
rCorr    .         Harm     .   l - +1 pair of gloves
MR       +....                  (no boots)
Stlth    +.........             (no amulet)
HPRegen  0.18/turn              w - ring of Vanity {*Corrode MR+ MP+9 Dex+4 Stlth+}
MPRegen  0.16/turn              (no ring)

@: berserk cooldown, slowed, glowing, very slow
A: negative energy resistance 1, electricity resistance, unbreathing,
petrification resistance, rot immunity, AC +6
a: Renounce Religion


You were on level 8 of the Dungeon.
You worshipped the Shining One.
The Shining One was aware of your devotion.
You were not hungry.

You visited 1 branch of the dungeon, and saw 8 of its levels.

You collected 449 gold pieces.

Inventory:

Hand Weapons
 u - a +0 flail of crushing (weapon)
Missiles
 d - 3 throwing nets (quivered)
Armour
 c - a +0 helmet (worn)
 h - a cursed +0 cloak (worn)
 l - a +1 pair of gloves (worn)
 v - a +0 scale mail (worn)
Jewellery
 w - the ring of Vanity (left hand) {*Corrode MR+ MP+9 Dex+4 Stlth+}
   (You found it on level 7 of the Dungeon)

   [ring of magical power]

   It affects your dexterity (+4).
   It affects your resistance to hostile enchantments.
   It affects your magic capacity (+9).
   It may corrode you when you take damage.
   It makes you more stealthy.
Wands
 a - a wand of iceblast (7)
 A - a wand of paralysis (7)
Scrolls
 e - a scroll of enchant armour {unknown}
 g - 4 scrolls of amnesia
 i - 4 scrolls of enchant weapon {unknown}
 m - 2 scrolls of fog {unknown}
 o - a scroll of magic mapping {unknown}
 p - 2 scrolls of remove curse {unknown}
 q - 3 scrolls of teleportation
 r - a scroll of fear {unknown}
 t - a scroll of immolation {unknown}
 x - a scroll of blinking {unknown}
 y - a scroll of acquirement {unknown}
 B - a scroll of random uselessness {unknown}
 C - 2 scrolls of identify
Potions
 b - a potion of flight
 j - 8 potions of curing
 k - 4 potions of haste
 n - 2 potions of heal wounds {unknown}
 s - a potion of might
 z - a potion of brilliance
Comestibles
 f - 14 rations


   Skills:
 + Level 6.6 Fighting
 * Level 8.6 Maces & Flails
 - Level 1.7 Throwing
 + Level 6.0 Armour
 + Level 5.3 Dodging


You had 8 spell levels left.
You didn't know any spells.
Your spell library contained the following spells:

 Spells                   Type           Power        Failure   Level  Hunger
 Infusion                 Chrm           #...         73%         1    ##.....
 Shroud of Golubria       Chrm/Tloc      #.....       86%         2    ###....
 Song of Slaying          Chrm           #.......     86%         2    ###....
 Regeneration             Chrm/Necr      #.........   97%         3    ####...
 Spectral Weapon          Hex/Chrm       #.......     97%         3    ####...


Dungeon Overview and Level Annotations

Branches:
Dungeon (8/15)             Temple (0/1) D:7
   Lair: D:8-11

Altars:
Cheibriados
Dithmenos
Fedhas
Gozag
Nemelex Xobeh
Ru
Vehumet
Zin
The Shining One

Shops:
D:6 [

Annotations:
D:6 3 runed translucent doors, zyxw121's ghost, novice MiFi
D:8 Erica; Grum


Innate Abilities, Weirdness & Mutations

You are resistant to torment.
Your stone body is resilient. (AC +6)
You are immune to poison.
You resist negative energy. (rN+)
You are resistant to electric shocks. (rElec)
You can survive without breathing.
You are immune to petrification.
You are immune to rotting.


Message History

You are exhausted.
You feel yourself slow down. The wolf bites you.
* * * LOW HITPOINT WARNING * * *
The wolf completely misses you. Erica misses you.
You hit Erica.
Erica is heavily wounded.
The wolf misses you. x2; The wolf bites you but does no damage.
The wolf misses you. Grum hits you but does no damage.
The wolf barely misses you. The wolf bites you but does no damage.
The wolf bites you.
* * * LOW HITPOINT WARNING * * *
The wolf bites you.
* * * LOW HITPOINT WARNING * * *
Erica hits you with a +4 scimitar of flaming.
* * * LOW HITPOINT WARNING * * *
Erica burns you.
* * * LOW HITPOINT WARNING * * *
The wolf bites you but does no damage.
Grum hits you from afar with a -2 spear!
You die...

..####....## ##. .....
..# ##....####.). ......
.## ##.......... ......
.# ##.......# #......
.### ##......###.......
...#####.......##........
......##......##.........
...............@hhg......
...............h@h.......
#........................
###......................
.#.......................
..............=......#...
...............##........
..............## #......
.#...........## ...###
>##.........## .##


You could see Erica (invisible), Grum and 4 wolves.

Vanquished Creatures
  Joseph (D:8)
  Sigmund (D:3)
  Eustachio (D:4)
  An ice beast (D:6)
  3 phantoms
  An orc warrior (D:7)
  2 centaurs
  A bullfrog (D:6)
  A scorpion (D:5)
  A water moccasin skeleton (D:7)
  4 killer bees (D:7)
  A howler monkey (D:5)
  A crimson imp (D:5)
  A quasit (D:7)
  4 orc priests
  3 hounds
  3 jellies
  5 orc wizards
  3 iguanas
  Ijyb (D:3)
  Terence (D:2)
  6 worker ants
  A hound zombie (D:8)
  2 worker ant zombies (D:7)
  8 adders
  An ooze (D:1)
  An adder skeleton (D:6)
  3 worms
  4 dart slugs
  5 leopard geckos
  18 orcs
  2 ball pythons
  A giant cockroach (D:6)
  13 hobgoblins
  6 jackals
  6 kobolds
  3 quokkas
  4 bats
  5 frilled lizards
  8 goblins
  2 jackal skeletons
  A quokka skeleton (D:7)
  10 rats
150 creatures vanquished.

Notes
Turn   | Place    | Note
-------+----------+-------------------------------------------
     0 | D:1      | Borgoz the Gargoyle Gladiator began the quest for the Orb.
     0 | D:1      | Reached XP level 1. HP: 12/12 MP: 1/1
   229 | D:1      | Reached XP level 2. HP: 16/18 MP: 2/2
   405 | D:1      | Reached skill level 1 in Armour
   546 | D:1      | Reached XP level 3. HP: 22/22 MP: 3/3
  1258 | D:2      | Reached XP level 4. HP: 27/27 MP: 4/4
  1777 | D:3      | Found a shadowy altar of Dithmenos.
  1781 | D:3      | Noticed Terence
  1796 | D:2      | Killed Terence
  1796 | D:2      | Reached skill level 4 in Maces & Flails
  2012 | D:3      | Noticed Ijyb
  2030 | D:3      | Killed Ijyb
  2030 | D:3      | Reached XP level 5. HP: 30/32 MP: 5/5
  2108 | D:3      | Noticed Sigmund
  2139 | D:3      | Reached XP level 6. HP: 27/37 MP: 6/6
  2186 | D:3      | Killed Sigmund
  2186 | D:3      | Reached skill level 5 in Maces & Flails
  2332 | D:3      | Reached XP level 7. HP: 43/43 MP: 7/7
  2769 | D:4      | Found a glowing golden altar of the Shining One.
  3004 | D:4      | Found a sacrificial altar of Ru.
  3160 | D:4      | Noticed Eustachio
  3162 | D:4      | Found a radiant altar of Vehumet.
  3204 | D:4      | Killed Eustachio
  3324 | D:5      | Entered Level 5 of the Dungeon
  3334 | D:5      | Found a glowing silver altar of Zin.
  3334 | D:5      | Found a sparkling altar of Nemelex Xobeh.
  3444 | D:5      | Reached skill level 6 in Maces & Flails
  3454 | D:5      | Found a blossoming altar of Fedhas.
  3512 | D:5      | Reached XP level 8. HP: 34/48 MP: 8/8
  3653 | D:5      | Reached skill level 5 in Fighting
  3987 | D:4      | Became a worshipper of the Shining One
  4284 | D:6      | Noticed zyxw121's ghost (novice MiFi)
  4285 | D:6      | Found a runed translucent gate.
  4285 | D:6      | Found a runed translucent gate.
  4285 | D:6      | Found a runed translucent gate.
  4326 | D:6      | Found Nibennes's Antique Armour Shoppe.
  4333 | D:6      | Reached skill level 7 in Maces & Flails
  4725 | D:6      | Found a snail-covered altar of Cheibriados.
  4927 | D:6      | Reached skill level 5 in Armour
  5033 | D:7      | Got a pitted bronze ring
  5034 | D:7      | Identified the ring of Vanity {*Corrode MR+ MP+9 Dex+4
                  | Stlth+} (You found it on level 7 of the Dungeon)
  5171 | D:7      | Found an opulent altar of Gozag.
  5239 | D:7      | Found a staircase to the Ecumenical Temple.
  5277 | D:7      | Reached XP level 9. HP: 45/55 MP: 9/9
  5546 | D:7      | Reached * piety under the Shining One
  5630 | D:7      | Reached skill level 8 in Maces & Flails
  5637 | D:7      | Reached skill level 5 in Dodging
  6220 | D:8      | Noticed Joseph
  6236 | D:8      | Killed Joseph
  6333 | D:8      | Noticed Erica
  6336 | D:8      | Noticed Grum
  6350 | D:8      | HP: 2/56 [Erica/+4 scimitar of flaming (1)]
  6350 | D:8      | Mangled by Grum

Levels and vault maps discovered:
D:1:      wheals_arrival_shading, layout_basic, bh_walls_and_bars
D:2:      layout_loops_corners, grunt_decor_clamped
D:3:      layout_basic, nicolae_dithmenos_through_a_glass_darkly, uniq_ijyb,
          uniq_sigmund, uniq_terence
D:4:      layout_cave_pools, lemuel_crystal_altar, nicolae_ru_awakened_eye,
          nicolae_overflow_crystal_walls, first_ration, uniq_eustachio
D:5:      kennysheep_spiral_hall, layout_rooms, fedhas_bush_and_centaur_altar,
          gammafunk_temple_overflow_elements
D:6:      layout_rooms, serial_shops, nicolae_shop_crystal,
          ebering_ghost_rock_garden, kennysheep_slug_shrine
D:7:      layout_layer_cave, temple_green, minmay_misc_feat_doors,
          nicolae_gozag_cash_rules_everything_around_me
D:8:      layout_layer_cave, kennysheep_mini_moat, makhleb_grotto_becter,
          hangedman_pestilent_swarm, uniq_erica, uniq_joseph, uniq_grum

Skill      XL: |  1  2  3  4  5  6  7  8  9 |
---------------+----------------------------+-----
Armour         | 1 2 3 4 5 6 |  6.0
Maces & Flails | 4 5 6 7 8 |  8.6
Fighting       | 3 4 5 6 |  6.6
Dodging        | 3 4 5 |  5.3
Throwing       | |  1.7

Action                   |  1- 3 |  4- 6 |  7- 9 || total
-------------------------+-------+-------+-------++-------
Melee: Flail             |   122 |   145 |   355 ||   622
Evoke: Wand              |       |       |     4 ||     4
  Use: Scroll            |       |     6 |     5 ||    11
       Potion            |       |     6 |     1 ||     7
 Stab: Sleeping          |     1 |       |       ||     1
  Eat: Chunk             |     1 |     4 |    13 ||    18
Armor: Leather armour    |    47 |    26 |       ||    73
       Scale mail        |       |    68 |   321 ||   389
Dodge: Dodged            |    91 |   113 |   342 ||   546

Table legend:
 A = Non-vault XP
 B = Vault XP
 C = Vault XP percentage of total XP
 D = Non-vault monster count
 E = Vault monster count
 F = Vault count percentage of total count
                 A         B        C        D         E       F
            +---------+---------+-------+---------+---------+-------
      Total |    2581 |    1088 |  29.7 |     141 |       9 |   6.0
            +---------+---------+-------+---------+---------+-------
        D:1 |      40 |       0 |   0.0 |      19 |       0 |   0.0
        D:2 |      54 |      32 |  37.2 |      19 |       1 |   5.0
        D:3 |     290 |     244 |  45.7 |      37 |       2 |   5.1
        D:4 |      70 |     197 |  73.8 |       7 |       1 |  12.5
        D:5 |     425 |     161 |  27.5 |       9 |       3 |  25.0
        D:6 |     637 |       4 |   0.6 |      26 |       1 |   3.7
        D:7 |    1043 |       0 |   0.0 |      23 |       0 |   0.0
        D:8 |      22 |     450 |  95.3 |       1 |       1 |  50.0
            +---------+---------+-------+---------+---------+-------
